 Dungeon Crawl Stone Soup version 0.27-a0-951-gae3e1deef5 (webtiles) character file.

Game seed: 3639723104929321790

628 polve the Distorting Demonspawn (level 7, 0/52 HPs)
             Began as a Demonspawn Abyssal Knight on Apr 11, 2021.
             Was a Believer of Lugonu.
             Slain by a killer bee (3 damage)
             ... on level 4 of the Dungeon.
             The game lasted 00:03:40 (2139 turns).

polve the Distorting Demonspawn (DsAK)              Turns: 2139, Time: 00:03:41

Health: 0/52       AC: 15    Str: 15    XL:     7   Next: 23%
Magic:  12/12      EV:  6    Int: 13    God:    Lugonu [**....]
Gold:   135        SH:  5    Dex: 12    Spells: 6/6 levels left

rFire    . . .     SeeInvis .   a - +1 short sword
rCold    . . .     Faith    .   d - +0 buckler
rNeg     . . .     Spirit   .   i - +0 chain mail
rPois    .         Reflect  .   (no helmet)
rElec    .         Harm     .   (no cloak)
rCorr    .         Rampage  .   (no gloves)
Will     .....                  (no boots)
Stlth    ..........             f - amulet of regeneration
HPRegen  1.17/turn              e - +4 ring of protection
MPRegen  0.13/turn              b - +4 ring of slaying

@: lethally poisoned (0 -> -5)
A: thin metallic scales 2, foul stench 1, powered by pain 1
a: Renounce Religion, Depart the Abyss, Bend Space


You were on level 4 of the Dungeon.
You worshipped Lugonu.
Lugonu was pleased with you.
You visited 1 branch of the dungeon, and saw 6 of its levels.
You visited the Abyss 1 time.

You collected 135 gold pieces.

Inventory:

Hand Weapons
 a - a +1 short sword (weapon)
Armour
 d - a +0 buckler (worn)
 i - a +0 chain mail (worn)
Jewellery
 b - a +4 ring of slaying (right hand)
 e - a +4 ring of protection (left hand)
 f - an amulet of regeneration (around neck)
Scrolls
 c - 2 scrolls of identify {unknown}
 g - a scroll of teleportation {unknown}
 h - a scroll of torment {unknown}


   Skills:
 - Level 3.0 Fighting
 - Level 4.0 Short Blades
 - Level 1.7 Armour
 - Level 0.8 Dodging
 - Level 4.0 Shields
 + Level 6.9 Invocations


You had 6 spell levels left.
You didn't know any spells.
Your spell library was empty.

Dungeon Overview and Level Annotations

Branches:
Dungeon (6/15)
 Temple: D:4-7

Altars:
Ru
Trog
Vehumet

Shops:
D:6 =

Annotations:
D:3 3 runed translucent doors, emiel's ghost, amateur DjWn
D:4 1 runed translucent door, Crazy Yiuf
D:5 Edmund


Innate Abilities, Weirdness & Mutations

You are mostly covered in thin metallic scales. (AC +3)
You may rarely emit foul miasma when damaged in melee.
You sometimes gain a little power by taking damage.


Message History

You miss the killer bee.
The killer bee is almost dead.
You feel very sick.
The killer bee stings you but does no damage.
You closely miss the killer bee.
The killer bee is almost dead.
You feel very sick. The killer bee barely misses you.
The killer bee stings you.
You are more poisoned.
The killer bee poisons you!
You closely miss the killer bee.
The killer bee is almost dead.
You feel very sick. The killer bee stings you.
You are lethally poisoned!
The killer bee poisons you!
The killer bee stings you but does no damage.
You completely miss the killer bee.
The killer bee is almost dead.
* * * LOW HITPOINT WARNING * * *
You feel very sick.
The killer bee stings you but does no damage.
The killer bee stings you.
* * * LOW HITPOINT WARNING * * *
You hit the killer bee but do no damage.
The killer bee is almost dead.
* * * LOW HITPOINT WARNING * * *
You feel very sick.
The killer bee stings you but does no damage. x2
Your chain mail prevents you from hitting the killer bee.
The killer bee is almost dead.
* * * LOW HITPOINT WARNING * * *
You feel very sick.
The killer bee stings you but does no damage.
You closely miss the killer bee.
The killer bee is almost dead.
* * * LOW HITPOINT WARNING * * *
You feel very sick. The killer bee stings you.
You die...

. #....... .. #....... ...
#..... ..#. #..... .##.#.# .....
#..#.# #.##.#.### #..y##..#.#
#.##.#.#.. #...y...#.#
#.##.#.#.#
.....###.##.#########.#.##.#.#.#
###.####....†Sy@......#.##.#.#.#
#..........##########.##.#.#.#
....<.......# #..............
#########...# #.####.##.....#
#.### #.#.).....#.... ####.#
#.##.#......... .#######....#
#.##.#..#...... ..........###
#.##.#..#...... .#######..#
#.##.#..#......


You could see a killer bee and an adder.

Vanquished Creatures
  A water moccasin (D:3)
  Blork the orc (D:4)
  4 killer bees (D:4)
  3 hounds (D:5)
  An orc priest (D:5)
  A bullfrog skeleton (D:4)
  A howler monkey zombie (D:5)
  3 gnolls (D:3)
  2 adders
  A white imp (D:3)
  An adder skeleton (D:4)
  A worm (D:3)
  2 dart slugs (D:3)
  5 orcs
  4 endoplasms (D:2)
  A giant cockroach (D:1)
  7 goblins
  5 hobgoblins
  9 jackals
  A kobold (D:3)
  5 quokkas
  3 ball pythons
  3 bats
  A frilled lizard (D:3)
  A rat (D:3)
67 creatures vanquished.

Notes
Turn   | Place    | Note
-------+----------+-------------------------------------------
     0 | Abyss:1  | polve the Demonspawn Abyssal Knight began the quest for the
                  | Orb.
     0 | Abyss:1  | Reached XP level 1. HP: 18/18 MP: 2/2
    42 | Abyss:1  | Noticed a smoke demon
    42 | Abyss:1  | Noticed a small abomination
    45 | D:1      | Escaped the Abyss
    84 | D:1      | Reached * piety under Lugonu
   210 | D:1      | Gained mutation: You are partially covered in thin metallic
                  | scales. (AC +2) [demonic ancestry]
   210 | D:1      | Reached XP level 2. HP: 15/24 MP: 3/3
   558 | D:1      | Reached skill level 1 in Shields
   957 | D:2      | Reached XP level 3. HP: 29/29 MP: 4/4
  1004 | D:2      | Found a radiant altar of Vehumet.
  1091 | D:2      | You fall into a shaft and drop 1 floor!
  1174 | D:3      | Noticed a kobold brigand
  1176 | D:3      | Noticed emiel's ghost (amateur DjWn)
  1179 | D:3      | Found a runed translucent gate.
  1179 | D:3      | Found a runed translucent gate.
  1179 | D:3      | Found a runed translucent gate.
  1203 | D:3      | Noticed a water moccasin
  1207 | D:3      | Reached ** piety under Lugonu
  1222 | D:3      | Killed a water moccasin
  1223 | D:3      | Gained mutation: You are mostly covered in thin metallic
                  | scales. (AC +3) [demonic ancestry]
  1223 | D:3      | Reached XP level 4. HP: 28/35 MP: 5/5
  1223 | D:3      | Reached XP level 5. HP: 33/41 MP: 6/6
  1491 | D:3      | You fall into a shaft and drop 3 floors!
  1510 | D:6      | Found Nawn's Jewellery Shop.
  1518 | D:5      | Entered Level 5 of the Dungeon
  1570 | D:5      | Gained mutation: You may rarely emit foul miasma when
                  | damaged in melee. [demonic ancestry]
  1570 | D:5      | Reached XP level 6. HP: 45/47 MP: 7/7
  1636 | D:5      | Reached skill level 3 in Invocations
  1645 | D:5      | Noticed Edmund
  1675 | D:5      | HP: 1/47 [Edmund/+4 dire flail of venom (13)]
  1688 | D:5      | HP: 2/47 [Edmund/puff of flame (2)]
  1764 | D:4      | Reached skill level 4 in Invocations
  1778 | D:4      | Found a bloodstained altar of Trog.
  1800 | D:4      | Found a sacrificial altar of Ru.
  1825 | D:4      | Noticed Blork the orc
  1836 | D:4      | Killed Blork the orc
  1837 | D:4      | Reached skill level 5 in Invocations
  1880 | D:4      | Found a runed translucent door.
  1881 | D:4      | Noticed Crazy Yiuf
  2090 | D:4      | Reached skill level 6 in Invocations
  2090 | D:4      | Gained mutation: You sometimes gain a little power by
                  | taking damage. [demonic ancestry]
  2090 | D:4      | Reached XP level 7. HP: 46/52 MP: 11/11
  2139 | D:4      | Slain by a killer bee

Illustrated notes

Levels and vault maps discovered:
D:1:      psy_arrival_dodecagon, layout_basic, due_unseen_surprise
D:2:      layout_loops_ring, basic_altar, ebering_ecumenical_altar_hall,
          chequers_decorated_corner
D:3:      layout_loops_ring, lemuel_crystal_altar,
          nicolae_overflow_hidden_temple, gammafunk_ghost_split, uniq_sigmund
D:4:      layout_basic, kennysheep_mini, nicolae_ru_awakened_eye,
          biasface_ghost_orc_armoury, chequers_serial_rivers_micro_c,
          minmay_small_thing, uniq_crazy_yiuf_cottage, uniq_blork_the_orc,
          uniq_pikel
D:5:      layout_rooms, uniq_ijyb, uniq_edmund
D:6:      layout_rooms, temple_fountains, serial_shops, shop

Skill      XL: |  1  2  3  4  5  6 |
---------------+-------------------+-----
Short Blades   | 2 4 |  4.0
Shields        | 1 2 3 4 |  4.0
Invocations    | 6 |  6.9
Fighting       | |  3.0
Armour         | |  1.7
Dodging        | |  0.8

Action                   |  1- 3 |  4- 6 |  7- 9 || total
-------------------------+-------+-------+-------++-------
Melee: Short sword       |   177 |   208 |    26 ||   411
Invok: Depart the Abyss  |     1 |       |       ||     1
  Use: Potion            |     2 |     2 |       ||     4
Armor: Leather armour    |    20 |       |       ||    20
       Chain mail        |   114 |   120 |    16 ||   250
Dodge: Dodged            |    78 |    47 |    13 ||   138
Block: Buckler           |    32 |    57 |     3 ||    92

Table legend: (Time is in decaauts)
 A = Elapsed time spent in this place.
 B = Non-inter-level travel time spent in this place.
 C = Inter-level travel time spent in this place.
 D = Time resting spent in this place.
 E = Time spent auto-exploring this place.
 F = Levels seen in this place.
 G = Mean time per level.
                   A        B        C        D        E       F      G
               +--------+--------+--------+--------+--------+-----+--------+
         Total |   2119 |   2064 |     55 |      0 |   1390 |   7 |  302.7 |
       Dungeon |   2074 |   2019 |     55 |      0 |   1353 |   6 |  345.7 |
         Abyss |     45 |     45 |      0 |      0 |     37 |   1 |   45.0 |
               +--------+--------+--------+--------+--------+-----+--------+

Top non-repeatable levels by time:
     D:1: 843 daAuts
     D:4: 417 daAuts
     D:3: 396 daAuts
     D:2: 207 daAuts
     D:5: 183 daAuts
 Abyss:1: 45 daAuts
     D:6: 26 daAuts
